 Dungeon Crawl Stone Soup version 0.19-a0-1717-gc7c1317 (webtiles) character file.

51 Psiweapon the Chopper (level 3, -1/31 HPs)
             Began as a Hill Orc Fighter on Sept 29, 2016.
             Killed by divine providence
             ... invoked by an orc priest
              (15 damage)
             ... on level 3 of the Dungeon.
             The game lasted 00:05:26 (1344 turns).

Psiweapon the Chopper (Hill Orc Fighter)            Turns: 1344, Time: 00:05:27

Health: -1/31      AC: 13    Str: 18    XL:     3   Next: 83%
Magic:  3/3        EV:  4    Int:  9    God:
Gold:   73         SH:  9    Dex: 10    Spells: 0 memorised, 2 levels left

rFire  . . .     SeeInvis .     a - +0 war axe
rCold  . . .     Gourm    .     m - +3 chain mail
rNeg   . . .     Faith    .     c - +0 shield
rPois  .         Spirit   .     (no helmet)
rElec  .         Dismiss  .     (no cloak)
rCorr  .         Reflect  .     (no gloves)
MR     .....     Harm     .     (no boots)
Stlth  ..........               (no amulet)
                                (no ring)
                                (no ring)

@: no status effects
A: no striking features
a: Convert to Beogh


You were on level 3 of the Dungeon.
You were hungry.

You visited 1 branch of the dungeon, and saw 3 of its levels.

You collected 73 gold pieces.

Inventory:

Hand Weapons
 a - a +0 war axe (weapon)
Missiles
 e - 30 poisoned needles
 k - 65 stones (quivered)
 n - 2 javelins
Armour
 b - a +0 scale mail
 c - a +0 shield (worn)
 m - a +3 chain mail (worn)
Scrolls
 h - 4 scrolls of remove curse {unknown}
 i - 3 scrolls of identify {unknown}
 l - a scroll of amnesia {unknown}
 o - a scroll of teleportation {unknown}
 r - a scroll of magic mapping {unknown}
 u - a scroll of random uselessness {unknown}
Potions
 d - a potion of might
 g - a potion of heal wounds {unknown}
 q - a potion of lignification {unknown}
 t - a potion of agility {unknown}
Comestibles
 f - 2 bread rations
 j - 7 chunks of flesh
 p - 3 meat rations
 s - a slice of pizza


   Skills:
 - Level 3.6 Fighting
 + Level 5.3 Axes
 - Level 3.2 Armour
 - Level 3.2 Shields


You had 2 spell levels left.
You didn't know any spells.

Dungeon Overview and Level Annotations

Branches:
Dungeon (3/15)

Altars:


Message History

The orc priest invokes the aid of Beogh against you.
Beogh smites you!
You closely miss the orc priest.
The orc wizard gestures wildly while chanting.
The orc priest shouts, "Surrender to Beogh and we'll let you live!"
You hear a shout!
The orc priest shouts, "Surrender to Beogh and we'll let you live!"
You block the orc priest's attack.
The orc wizard casts a spell.
You slash the orc!
You kill the orc!
You closely miss the frilled lizard. You closely miss the orc priest.
The orc wizard casts a spell at you. The magic dart hits you!
The frilled lizard bites you but does no damage.
The orc priest looks braver for a moment.
You block the frilled lizard's attack.
The orc priest invokes the aid of Beogh against you.
Beogh smites you!
You die...

#.#...........# .
.............#
#.##...........#
...............#
#...........# ###
#.......# ..#
.######.#####(#####.#
.......lo....(......#
.######@###.........#
#o# #....(....####


.oo #.#........... ##..##......##.#### #..##......##.# ...........##.#
#############.# #.# ... You could see 2 orc priests, an orc wizard, an orc and a
frilled lizard.

Vanquished Creatures
  An ooze (D:1)
  A worm (D:1)
  2 dart slugs (D:1)
  A leopard gecko (D:1)
  4 orcs (D:3)
  4 bats (D:1)
  A giant cockroach (D:1)
  7 hobgoblins
  A ball python (D:1)
  4 goblins (D:1)
  3 kobolds
  4 rats
33 creatures vanquished.

Notes
Turn   | Place    | Note
-------+----------+-------------------------------------------
     0 | D:1      | Psiweapon the Hill Orc Fighter began the quest for the Orb.
     0 | D:1      | Reached XP level 1. HP: 19/19 MP: 1/1
     8 | D:1      | Reached skill level 3 in Axes
    46 | D:1      | Reached XP level 2. HP: 24/26 MP: 2/2
   215 | D:1      | Reached skill level 4 in Axes
   547 | D:1      | Reached XP level 3. HP: 27/31 MP: 3/3
  1161 | D:1      | Reached skill level 5 in Axes
  1344 | D:3      | Killed from afar by an orc priest

Vault maps used:
D:1:      minmay_arrival_up_and_down
D:3:      portal_sewer_entry_d

Skill      XL: |  1  2  3 |
---------------+----------+-----
Axes           | 3 4 5 |  5.3
Fighting       | |  3.6
Armour         | |  3.2
Shields        | |  3.2

Action                   || total
-------------------------++-------
Melee: War axe           ||   102
  Eat: Chunk             ||     1
Armor: Scale mail        ||    23
       Chain mail        ||    20
Dodge: Dodged            ||    20
Block: Shield            ||    50
